 Dungeon Crawl Stone Soup version 0.20-a0-453-g91466d2 (webtiles) character file.

14 Kriby the Magician (level 2, 0/19 HPs)
             Began as a Mummy Fire Elementalist on Jan 8, 2017.
             Slain by a leopard gecko (5 damage)
             ... on level 1 of the Dungeon.
             The game lasted 00:01:00 (926 turns).

Kriby the Magician (Mummy Fire Elementalist)         Turns: 926, Time: 00:01:00

Health: 0/19       AC:  2    Str: 11    XL:     2   Next: 31%
Magic:  2/5        EV: 12    Int: 14    God:
Gold:   0          SH:  0    Dex: 12    Spells: 5/6 levels left

rFire  x . .     SeeInvis .     e - +0 dagger
rCold  + . .     Gourm    .     a - +0 robe
rNeg   + + +     Faith    .     (no shield)
rPois  ∞         Spirit   .     (no helmet)
rElec  .         Reflect  .     (no cloak)
rCorr  .         Harm     .     (no gloves)
MR     .....                    (no boots)
Stlth  ++........               (no amulet)
                                (no ring)
                                (no ring)

@: no status effects
A: no food or potions, fire vulnerability, cold resistance 1, negative energy
resistance 3, torment resistance, unbreathing
a: no special abilities


You were on level 1 of the Dungeon.
You were not hungry.

You visited 1 branch of the dungeon, and saw 1 of its levels.

Inventory:

Hand Weapons
 e - a +0 dagger (weapon)
Missiles
 c - 31 stones (quivered)
Armour
 a - a +0 robe (worn)
Jewellery
 f - an uncursed ring of protection from cold {unknown}
Scrolls
 d - 2 scrolls of identify {unknown}
 g - 2 scrolls of remove curse {unknown}
Books
 b - a book of Flames

   Spells                             Type                      Level
   a - Flame Tongue                   Conjuration/Fire             1
   b - Throw Flame                    Conjuration/Fire             2
   c - Conjure Flame                  Conjuration/Fire             3
   d - Inner Flame                    Hexes/Fire                   3
   e - Sticky Flame                   Conjuration/Fire             4
   f - Fireball                       Conjuration/Fire             5


   Skills:
 - Level 1.5 Dodging
 - Level 1.5 Stealth
 + Level 2.8 Spellcasting
 * Level 1.6 Conjurations
 + Level 2.5 Fire Magic


You had 5 spell levels left.
You knew the following spells:

 Your Spells              Type           Power        Failure   Level  Hunger
a - Flame Tongue          Conj/Fire      #....        12%         1    N/A

Dungeon Overview and Level Annotations

Branches:
Dungeon (1/15)

Altars:


Innate Abilities, Weirdness & Mutations

You do not eat or drink.
Your flesh is vulnerable to fire.
You are immune to poison.
Your flesh is cold resistant. (rC+)
You are immune to negative energy. (rN+++)
You are immune to unholy pain and torment.
You can survive without breathing.


Message History

Press: ? - help, Shift-Dir - straight line, f/p - gnoll
Aim: a gnoll (lightly wounded)
The flame tongue misses the gnoll.
The gnoll barely misses you.
Casting: Flame Tongue
Confirm with . or Enter, or press ? or * to list all spells.
Aiming: Flame Tongue
Press: ? - help, Shift-Dir - straight line, f/p - gnoll
Aim: a gnoll (lightly wounded)
The flame tongue hits the gnoll.
The gnoll is lightly wounded.
The gnoll hits you.
* * * LOW HITPOINT WARNING * * *
Found a viscous cyan potion.
A leopard gecko comes into view.
The leopard gecko hisses angrily.
Found a meat ration.
The leopard gecko barely misses you. The leopard gecko misses you.
The leopard gecko bites you.
You die...

###.#...####.#######.
+..........#.#
..###.#...##.#.#
......'....#.#.#
......#....#.#.#
......#..#.#.#.#
......#.. .#.#.#
......#.####.#.#
........l@(..#.#
.....#g######.#
...$.....g.....#
......#.!..#####
......#..%.# .####
#....+ #....# +....+
#....#


You could see a gnoll and a leopard gecko.

Vanquished Creatures
  A dart slug (D:1)
  A leopard gecko (D:1)
  2 goblins (D:1)
  2 hobgoblins (D:1)
  2 kobolds (D:1)
  A ball python (D:1)
  A bat (D:1)
  2 rats (D:1)
12 creatures vanquished.

Notes
Turn   | Place    | Note
-------+----------+-------------------------------------------
     0 | D:1      | Kriby the Mummy Fire Elementalist began the quest for the Orb.
     0 | D:1      | Reached XP level 1. HP: 13/13 MP: 4/4
   120 | D:1      | Reached skill level 1 in Conjurations
   656 | D:1      | Reached XP level 2. HP: 19/19 MP: 1/5
   926 | D:1      | Slain by a leopard gecko

Vault maps used:
D:1:      minmay_arrival_shattered_statue, minivault_19

Skill      XL: |  1 |
---------------+----+-----
Conjurations   | 1 |  1.6
Dodging        | |  1.5
Stealth        | |  1.5
Spellcasting   | |  2.8
Fire Magic     | |  2.5

Action                   || total
-------------------------++-------
Melee: Dagger            ||    10
       Unarmed           ||     2
Throw: Stone             ||     8
 Cast: Flame Tongue      ||    30
Armor: Robe              ||     4
Dodge: Dodged            ||    18
